Map: 프리온 단구

Players

HyuN - Winner!

  • Race: Zerg Zerg

ReiGn

  • Race: Protoss Protoss
  • League: Master

Event: Gauntlet LotV Series 1 Qualifier 2

VOD

Have the link to the VOD?

Description

Time

  • Played on: Dec. 5, 2015, 2:23 p.m.
  • Length: 2:12

All games in this series

Show
View Real Time Build Order
Export as new Build Order

HyuN Zerg - Winner!

Build Orders: Hatch First 

Get SALT Encoding   

  12  0:01  Drone  
  13  0:12  Overlord  
  13  0:18  Drone  
  14  0:31  Drone x2  
  16  0:37  Drone  
  17  0:52  Hatchery  
  17  0:55  Drone  
  17  0:58  Drone  
  18  1:09  Extractor  
  17  1:14  Spawning Pool  
  17  1:16  Drone  
  17  1:19  Drone  
  18  1:30  Drone  
  19  1:40  Drone  
Show
View Real Time Build Order
Export as new Build Order

ReiGn Protoss 

Build Orders: Cannon Rush 

Get SALT Encoding   

  12  0:01  Probe (Chrono Boost)  
  13  0:12  Probe (Chrono Boost)  
  14  0:18  Pylon  
  14  0:22  Probe (Chrono Boost)  
  15  0:37  Probe (Chrono Boost), Forge  
  16  0:47  Probe (Chrono Boost)  
  17  0:51  Gateway  
  17  0:58  Probe (Chrono Boost)  
  17  1:03  Assimilator  
  18  1:08  Probe (Chrono Boost)  
  19  1:19  Probe (Chrono Boost)  
  19  1:21  Pylon  
  20  1:29  Probe (Chrono Boost)  
  21  1:40  Probe (Chrono Boost)  
  21  1:41  Photon Cannon  
  21  1:42  Photon Cannon  
  22  1:47  Photon Cannon  
  22  1:56  Photon Cannon  
  22  1:59  Photon Cannon  
  22  2:05  Photon Cannon  
  22  2:08  Photon Cannon  
Tags
 
Add a new tag
Caveats
  • Supply blocks, unpowered buildings, or Contaminate may cause inaccurate times.
  • Supply counts are checked every 10 seconds.